 Dungeon Crawl Stone Soup version 0.23-a0-550-g7de1f8e (webtiles) character file.

265 Lanoc the Skirmisher (level 5, -1/42 HPs)
             Began as a Demonspawn Chaos Knight on Dec 10, 2018.
             Was a Plaything of Xom.
             Slain by a centaur (9 damage)
             ... on level 5 of the Dungeon.
             The game lasted 00:10:10 (2996 turns).

Lanoc the Skirmisher (Demonspawn Chaos Knight)      Turns: 2996, Time: 00:10:11

Health: -1/42      AC:  6    Str: 13    XL:     5   Next: 99%
Magic:  5/5        EV: 13    Int: 13    God:    Xom [..*...]
Gold:   308        SH:  0    Dex: 16    Spells: 4/4 levels left

rFire    + . .     SeeInvis +     - Unarmed
rCold    + . .     Gourm    +   (no shield)
rNeg     . . .     Faith    .   a - +2 leather armour
rPois    .         Spirit   .   (no helmet)
rElec    .         Reflect  .   t - scarf {rC+ rF+}
rCorr    .         Harm     .   j - +0 pair of gloves
MR       .....                  (no boots)
Stlth    +.........             m - amulet of the gourmand
HPRegen  0.14/turn              e - +3 ring of dexterity
MPRegen  0.09/turn              u - ring of see invisible

@: lethally poisoned (-1 -> -5)
A: talons 1, powered by death 1, rot immunity
a: Renounce Religion


You were on level 5 of the Dungeon.
You worshipped Xom.
You were a toy of Xom.
You were completely stuffed.

You visited 2 branches of the dungeon, and saw 6 of its levels.

You collected 308 gold pieces.

Inventory:

Missiles
 o - 45 bolts
 s - 26 arrows
Armour
 a - a +2 leather armour (worn)
 j - a +0 pair of gloves (worn)
 t - a scarf of resistance (worn)
Jewellery
 e - a +3 ring of dexterity (left hand)
 m - an amulet of the gourmand (around neck)
 u - a ring of see invisible (right hand)
Scrolls
 d - 2 scrolls of blinking
 g - 2 scrolls of teleportation
 k - 2 scrolls of amnesia {unknown}
 l - 2 scrolls of magic mapping {unknown}
 q - a scroll of remove curse
 r - a scroll of enchant armour {unknown}
Potions
 c - a potion of flight
 f - 2 potions of resistance {unknown}
 i - 3 potions of lignification
 n - a potion of invisibility
 v - a potion of agility
Comestibles
 b - 7 rations


   Skills:
 + Level 4.2 Fighting
 + Level 3.2 Armour
 + Level 2.7 Dodging
 + Level 3.8 Unarmed Combat


You had 4 spell levels left.
You didn't know any spells.
Your spell library was empty.

Dungeon Overview and Level Annotations

Branches:
Dungeon (5/15)             Temple (1/1) D:4

Altars:
Ashenzari
Cheibriados
Dithmenos
Fedhas
Gozag
Hepliaklqana
Kikubaaqudgha
Nemelex Xobeh
Okawaru
Qazlal
Ru
Sif Muna
Trog
Uskayaw
Vehumet
Wu Jian
Xom
Zin
The Shining One

Shops:
D:4 [


Innate Abilities, Weirdness & Mutations

You have sharp toenails.
You regenerate a little health from kills.
You are immune to rotting.


Message History

You barely miss the centaur. You claw the centaur, but do no damage.
The centaur is heavily wounded.
The centaur closely misses you.
The worker ant bites you but does no damage.
You hit the centaur but do no damage.
The centaur is heavily wounded.
The centaur closely misses you. The worker ant bites you.
* * * LOW HITPOINT WARNING * * *
You are poisoned.
The worker ant poisons you! The centaur barely misses you.
Unknown command.
You hit the centaur. You claw the centaur, but do no damage.
The centaur is severely wounded.
You feel sick. The centaur barely misses you.
The worker ant bites you but does no damage.
You hit the centaur. Your kick misses the centaur.
The centaur is severely wounded.
The centaur hits you!
You die...
Xom titters!

.# .# c# .# .#
##.#
#..######..#
#....a@c..##
#######.(..####.
##(.......
######
##...#...#
......###..###
### # #......##
## ###....# .##
##....# ..#
##.....#


You could see a centaur and a worker ant.

Vanquished Creatures
  2 orc priests (D:4)
  A centaur skeleton (D:5)
  A worker ant (D:4)
  An orc wizard (D:4)
  A hound skeleton (D:4)
  4 adders
  2 oozes
  3 worms
  A dart slug (D:2)
  3 leopard geckos
  5 orcs
  5 bats
  2 giant cockroaches
  6 goblins
  2 hobgoblins
  4 jackals
  4 frilled lizards
  5 kobolds
  A quokka skeleton (D:4)
  8 rats
61 creatures vanquished.

Notes
Turn   | Place    | Note
-------+----------+-------------------------------------------
     0 | D:1      | Lanoc the Demonspawn Chaos Knight began the quest for the
                  | Orb.
     0 | D:1      | Reached XP level 1. HP: 18/18 MP: 1/1
    64 | D:1      | Reached skill level 1 in Dodging
   152 | D:1      | Gained mutation: You have sharp toenails. [demonic
                  | ancestry]
   152 | D:1      | Reached XP level 2. HP: 22/24 MP: 2/2
   311 | D:1      | XOM: harmless Summ miscast
   328 | D:1      | XOM: harmless Tloc miscast
   369 | D:2      | XOM: divination: magic mapping
   437 | D:2      | XOM: divination: detect creatures
   444 | D:2      | Found a radiant altar of Vehumet.
   538 | D:2      | Gained mutation: You are immune to rotting. [demonic
                  | ancestry]
   538 | D:2      | Reached XP level 3. HP: 11/29 MP: 3/3
   624 | D:2      | XOM: silly message
   684 | D:2      | XOM: chaos upgrade
  1057 | D:2      | XOM: god gift: 42 gold pieces
  1358 | D:2      | Gained mutation: You regenerate a little health from kills.
                  | [demonic ancestry]
  1358 | D:2      | Reached XP level 4. HP: 27/35 MP: 4/4
  1504 | D:3      | HP: 1/35 [worm (3)]
  1559 | D:3      | XOM: god gift: 17 stones
  1661 | D:3      | XOM: god gift: ration
  1712 | D:3      | XOM: divination: magic mapping
  1798 | D:3      | XOM: silly message
  1802 | D:3      | XOM: potion effect (invisibility)
  2030 | D:3      | XOM: divination: magic mapping
  2181 | D:4      | Found an opulent altar of Gozag.
  2182 | D:4      | Found a stormy altar of Qazlal.
  2183 | D:4      | Found an ornate altar of the Wu Jian Council.
  2184 | D:4      | Found an ancient bone altar of Kikubaaqudgha.
  2350 | D:4      | Found a staircase to the Ecumenical Temple.
  2360 | Temple   | Entered the Ecumenical Temple
  2588 | D:4      | Found Lyamot's Antique Armour Shoppe.
  2673 | D:4      | XOM: potion effect (might)
  2674 | D:4      | Reached XP level 5. HP: 24/42 MP: 5/5
  2676 | D:4      | Reached skill level 4 in Fighting
  2899 | D:5      | Entered Level 5 of the Dungeon
  2976 | D:5      | Noticed a centaur
  2977 | D:5      | XOM: butterfly on damage
  2990 | D:5      | XOM: potion effect (curing)
  2996 | D:5      | Slain by a centaur

Vault maps used:
D:1:      beargit_arrival_greenhouse, st_stairs_7, minmay_misc_feat_five
D:2:      vehumet_crystals
D:3:      first_ration
D:4:      nicolae_overflow_hidden_temple,
          chequers_temple_overflow_statue_of_worship, minmay_temple_entry_tees,
          serial_shops, nicolae_shop_overgrown_old_shop, grunt_ministairs_14
D:5:      minmay_hollow_rounded_squares, uniq_duvessa, uniq_sigmund,
          uniq_menkaure
Temple:   nicolae_temple_great_sept

Skill      XL: |  1  2  3  4  5 |
---------------+----------------+-----
Dodging        | 1 2 |  2.7
Armour         | 2 3 |  3.2
Unarmed Combat | 3 |  3.8
Fighting       | 4 |  4.2

Action                   |  1- 3 |  4- 6 || total
-------------------------+-------+-------++-------
Melee: Unarmed           |   134 |   137 ||   271
       Punch             |     2 |     2 ||     4
       Kick              |    19 |    48 ||    67
  Use: Potion            |     2 |     2 ||     4
       Scroll            |       |    11 ||    11
 Stab: Invisible         |       |     4 ||     4
       Sleeping          |       |     2 ||     2
       Distracted        |       |     1 ||     1
  Eat: Chunk             |       |    18 ||    18
Armor: Leather armour    |    63 |    30 ||    93
Dodge: Dodged            |    93 |    77 ||   170

Table legend:
 A = Non-vault XP
 B = Vault XP
 C = Vault XP percentage of total XP
 D = Non-vault monster count
 E = Vault monster count
 F = Vault count percentage of total count
                 A         B        C        D         E       F
            +---------+---------+-------+---------+---------+-------
      Total |     214 |     165 |  43.5 |      53 |       8 |  13.1
            +---------+---------+-------+---------+---------+-------
        D:1 |      10 |       4 |  28.6 |       7 |       2 |  22.2
        D:2 |      85 |       0 |   0.0 |      21 |       0 |   0.0
        D:3 |      37 |       0 |   0.0 |      17 |       0 |   0.0
        D:4 |      42 |     161 |  79.3 |       7 |       6 |  46.2
        D:5 |      40 |       0 |   0.0 |       1 |       0 |   0.0
            +---------+---------+-------+---------+---------+-------
